Diablos vs Thunder
(R1)
Created - December 20, 2019 at 21:43
Goals
|
| Diablos |
1 |
2 |
3 |
6 |
| Thunder |
0 |
1 |
0 |
1 |
|
Shots
|
| Diablos |
11 |
14 |
10 |
35 |
| Thunder |
3 |
17 |
7 |
27 |
|
1st period
1. Diablos , David Pastrnak 14 (Danton Heinen 17) at 4:24
Penalties :
Trevor Lewis (TRO) for Cross-checking (Minor) at 1:00, Austin Wuthrich (TRO) for Hooking (Minor) at 9:20, Jack Glover (Don) for Roughing (Minor) at 18:35
2nd period
2. Thunder , Dany Roussin 13 (Eric Fehr 21, William Karlsson 25) at 0:12 (PP)
3. Diablos , Adrian Kempe 5 (Viktor Loov 7) at 1:01
4. Diablos , Jakub Vrana 3 (Brian Dumoulin 11, David Pastrnak 17) at 14:57
Penalties :
Trevor Lewis (TRO) for Tripping (Minor) at 6:34
3rd period
5. Diablos , Jordan Szwarz 10 (Lars Eller 16, Cameron Gaunce 14) at 0:40
6. Diablos , Lars Eller 14 (Nick Spaling 12) at 0:44
7. Diablos , Jordan Szwarz 11 (Lars Eller 17) at 9:39
Penalties :
William Karlsson (TRO) for Cross-checking (Minor) at 1:20, Austin Poganski (TRO) for Fighting (Major) at 9:29, Cameron Gaunce (Don) for Fighting (Major) at 9:29, Austin Wuthrich (TRO) for Fighting (Major) at 14:49, Jordan Szwarz (Don) for Fighting (Major) at 14:49, Jordan Szwarz (Don) for instigated a fight (Minor) at 14:49, Jordan Szwarz (Don) for instigated a fight (10 Minutes Misconduct) at 14:49
Goalie Stats
Kristers Gudlevskis (Don), 26 saves from 27 shots - (0.963), W, 11-7-0, 60:00 minutes
Niklas Treutle (TRO), 29 saves from 35 shots - (0.829), L, 3-10-2, 60:00 minutes
Players Stats for Diablos
Player Name G A P +/- PIM S H SB GA TA FO MP PP MP PK MP
------------------------------------------------------------------------------------
Adrian Kempe 1 0 1 1 0 2 1 1 0 0 4/7 11:23 0:00 2:10
Andrei Mironov 0 0 0 2 0 0 0 1 0 0 0/0 17:50 4:20 0:00
Brian Dumoulin 0 1 1 2 0 0 1 0 1 1 0/0 21:19 3:36 0:27
Cameron Gaunce 0 1 1 2 5 2 3 3 1 1 0/0 20:12 0:00 2:02
Corey Trivino 0 0 0 0 0 2 2 1 0 0 2/4 10:37 0:33 0:00
Danton Heinen 0 1 1 2 0 2 0 2 0 0 8/16 16:43 4:06 0:00
David Pastrnak 1 1 2 2 0 4 2 0 0 0 0/0 11:09 3:13 0:00
Jack Glover 0 0 0 1 2 0 2 2 0 0 0/0 11:26 0:00 1:07
Jakub Vrana 1 0 1 2 0 1 1 1 0 1 0/0 15:55 3:12 0:00
Jiri Sekac 0 0 0 1 0 1 1 0 0 0 0/0 11:01 0:54 0:53
Jordan Szwarz 2 0 2 3 17 4 2 0 0 0 3/6 17:09 0:54 0:00
Lars Eller 1 2 3 3 0 4 1 0 1 0 16/27 21:27 3:17 1:26
Nick Spaling 0 1 1 3 0 7 4 1 2 0 1/1 22:16 3:50 0:36
Philip Larsen 0 0 0 3 0 2 3 4 0 1 0/0 27:31 4:20 1:44
Scott Glennie 0 0 0 0 0 0 1 0 0 1 1/1 10:58 0:11 0:00
Sergey Tolchinsky 0 0 0 0 0 0 0 0 0 0 0/0 10:00 0:00 0:00
Tyler Pitlick 0 0 0 1 0 3 1 1 2 0 0/0 17:45 3:38 2:07
Viktor Loov 0 1 1 2 0 1 1 0 1 0 0/0 21:40 3:36 1:52
Players Stats for Thunder
Player Name G A P +/- PIM S H SB GA TA FO MP PP MP PK MP
------------------------------------------------------------------------------------
Artur Gavrus 0 0 0 0 0 0 0 0 0 0 1/1 1:49 0:00 1:49
Austin Poganski 0 0 0 -1 5 3 2 0 0 0 0/0 12:34 0:07 0:00
Austin Wuthrich 0 0 0 -2 7 1 2 0 0 0 0/1 14:00 0:36 0:00
Colby Cave 0 0 0 0 0 0 0 0 0 0 0/0 0:26 0:26 0:00
Dany Roussin 1 0 1 -3 0 3 2 0 0 0 1/2 21:11 1:59 3:49
David Wolf 0 0 0 -2 0 1 1 0 1 1 1/1 19:08 1:34 3:16
Derek Forbort 0 0 0 -5 0 2 2 1 1 1 0/0 25:09 1:47 4:27
Emil Johansson 0 0 0 0 0 0 0 1 0 1 0/0 12:18 0:00 0:37
Eric Fehr 0 1 1 -3 0 1 4 0 0 0 3/4 24:29 1:58 3:49
Gianluca Curcuruto 0 0 0 0 0 0 0 0 0 0 0/0 21:03 1:49 3:29
Jamie McGinn 0 0 0 -1 0 4 0 0 1 1 1/1 13:14 0:00 0:00
Jarrod Maidens 0 0 0 0 0 0 0 0 0 0 0/0 0:00 0:00 0:00
Jesper Pettersson 0 0 0 0 0 0 1 2 0 0 0/0 14:45 0:52 0:00
Jordan Weal 0 0 0 0 0 0 1 0 0 0 1/1 6:06 0:00 0:33
Mackenze Stewart 0 0 0 -1 0 0 0 0 0 0 0/0 5:55 0:00 0:24
Mikko Vainonen 0 0 0 0 0 0 0 2 0 1 0/0 12:09 0:57 2:28
Nikolay Prokhorkin 0 0 0 0 0 1 0 0 0 0 0/0 6:24 0:00 0:51
Peter Andersson 0 0 0 -6 0 2 3 1 0 2 0/0 28:41 1:47 4:27
Trevor Lewis 0 0 0 -2 4 2 1 0 0 0 5/12 15:45 1:34 0:00
Vincent Dunn 0 0 0 0 0 0 0 0 0 0 0/0 4:24 0:42 0:00
William Karlsson 0 1 1 -3 2 2 1 0 0 1 12/31 19:14 1:52 1:45
Zach Stepan 0 0 0 -1 0 5 4 0 2 0 2/8 13:14 0:00 0:00
3 Stars
1 - Lars Eller (Don)
2 - David Pastrnak (Don)
3 - Nick Spaling (Don)
Power Play
Diablos - 0 on 4 Attempt(s) - 0.00%
Thunder - 1 on 2 Attempt(s) - 50.00%
Penalty Kill
Diablos - 1 on 2 Attempt(s) - 50.00%
- Score 0 goal in Penalty Kill
Thunder - 4 on 4 Attempt(s) - 100.00%
- Score 0 goal in Penalty Kill
Team Stat
Diablos - Hits : 26 - Faceoff Wins : 35 - Blocked Shots : 17 - Penalty Minutes : 24
Thunder - Hits : 24 - Faceoff Wins : 27 - Blocked Shots : 7 - Penalty Minutes : 18
Official
Referees : Unknown
Linesman : Unknown
Game Notes
0:12 of 2nd period - Thunder goal is going for a video replay. After video review, Goal.
Mikko Vainonen is injured at 15:24 of 2nd period (Bruised Left Leg)
David Pastrnak is injured at 0:24 of 3rd period (Broken Right Thumb)
Cameron Gaunce beats up Austin Poganski at 9:29 of 3rd period
Jordan Szwarz beats up Austin Wuthrich at 14:49 of 3rd period
Finance
Level 1 -- Attendance: 1304 (65.20%) -- Ticket Income $52,160
Level 2 -- Attendance: 654 (65.40%) -- Ticket Income $13,080
Total Attendance: 1958 (65.27%)
Total Ticket Income: $65,240
Other Income: $3,262
Total Income: $68,502
Diablos
5 vs 5 Forward
Center Left Wing Right Wing Time % Phy DF OF
1 Lars Eller Nick Spaling Jordan Szwarz 40 0 2 3
2 Danton Heinen Jakub Vrana David Pastrnak 30 0 2 3
3 Adrian Kempe Jiri Sekac Tyler Pitlick 20 0 2 3
4 Corey Trivino Sergey Tolchinsky Scott Glennie 10 1 3 1
5 vs 5 Defense
Defense Defense Time % Phy DF OF
1 Cameron Gaunce Philip Larsen 40 1 2 2
2 Brian Dumoulin Viktor Loov 30 1 2 2
3 Jack Glover Andrei Mironov 20 1 2 2
4 Cameron Gaunce Philip Larsen 10 1 2 2
PowerPlay Forward
Center Left Wing Right Wing Time % Phy DF OF
1 Danton Heinen Nick Spaling David Pastrnak 60 0 1 4
2 Lars Eller Jakub Vrana Tyler Pitlick 40 0 1 4
PowerPlay Defense
Defense Defense Time % Phy DF OF
1 Andrei Mironov Philip Larsen 60 0 1 4
2 Brian Dumoulin Viktor Loov 40 0 1 4
Penalty Kill 4 Players Forward
Center Wing Time % Phy DF OF
1 Adrian Kempe Tyler Pitlick 60 1 4 0
2 Lars Eller Nick Spaling 40 1 4 0
Penalty Kill 4 Players Defense
Defense Defense Time % Phy DF OF
1 Philip Larsen Cameron Gaunce 60 1 4 0
2 Jack Glover Viktor Loov 40 1 4 0
Penalty Kill - 3 Players Forward
Forward Time % Phy DF OF
1 Adrian Kempe 60 0 5 0
2 Lars Eller 40 0 5 0
Penalty Kill - 3 Players Defense
Defense Defense Time % Phy DF OF
1 Jack Glover Brian Dumoulin 60 0 5 0
2 Cameron Gaunce Philip Larsen 40 0 5 0
4 vs 4 Forward
Center Wing Time % Phy DF OF
1 Lars Eller David Pastrnak 60 0 2 3
2 Adrian Kempe Nick Spaling 40 0 2 3
4 vs 4 Defense
Defense Defense Time % Phy DF OF
1 Cameron Gaunce Jack Glover 60 0 2 3
2 Andrei Mironov Philip Larsen 40 0 2 3
Last Minutes Offensive
Center Left Wing Right Wing Defense Defense
Danton Heinen Jakub Vrana David Pastrnak Andrei Mironov Philip Larsen
Last Minutes Defensive
Center Left Wing Right Wing Defense Defense
Lars Eller Sergey Tolchinsky Tyler Pitlick Cameron Gaunce Jack Glover
Goaltenders
Starting : Kristers Gudlevskis
Backup : Joni Ortio
Extra Forwards
Normal : David Pastrnak, Danton Heinen, Nick Spaling - PP : David Pastrnak, Nick Spaling - PK : Tyler Pitlick
Extra Defensemen
Normal : Cameron Gaunce, Andrei Mironov, Philip Larsen - PP : Cameron Gaunce - PK : Cameron Gaunce, Jack Glover
Penalty Shots
David Pastrnak, Danton Heinen, Jakub Vrana, Nick Spaling, Tyler Pitlick
Scratches
Peter Holland (Healthy), Jamie Devane (Healthy), Matt Lindblad (Healthy), Tyler Lewington (Healthy), Tobias Lindberg (Healthy)
Ty Rattie (Healthy), Andrey Pedan (Healthy), Stuart Percy (Healthy), Anthony Camara (Healthy), Branden Troock (Healthy)
Riley Nash (Healthy), Dominic Turgeon (Healthy), Ryan MacInnis (Healthy), Matt Tomkins (Healthy)
Thunder
5 vs 5 Forward
Center Left Wing Right Wing Time % Phy DF OF
1 William Karlsson Dany Roussin Eric Fehr 40 1 2 2
2 Trevor Lewis David Wolf Austin Wuthrich 30 1 2 2
3 Zach Stepan Jamie McGinn Austin Poganski 20 1 2 2
4 Jordan Weal Nikolay Prokhorkin Eric Fehr 10 1 2 2
5 vs 5 Defense
Defense Defense Time % Phy DF OF
1 Peter Andersson Derek Forbort 40 1 2 2
2 Mikko Vainonen Gianluca Curcuruto 30 1 2 2
3 Jesper Pettersson Emil Johansson 20 1 2 2
4 Mackenze Stewart Peter Andersson 10 1 2 2
PowerPlay Forward
Center Left Wing Right Wing Time % Phy DF OF
1 William Karlsson Dany Roussin Eric Fehr 60 1 2 2
2 Trevor Lewis David Wolf Austin Wuthrich 40 1 2 2
PowerPlay Defense
Defense Defense Time % Phy DF OF
1 Peter Andersson Derek Forbort 60 1 2 2
2 Mikko Vainonen Gianluca Curcuruto 40 1 2 2
Penalty Kill 4 Players Forward
Center Wing Time % Phy DF OF
1 Eric Fehr Dany Roussin 60 1 2 2
2 William Karlsson David Wolf 40 1 2 2
Penalty Kill 4 Players Defense
Defense Defense Time % Phy DF OF
1 Peter Andersson Derek Forbort 60 1 2 2
2 Mikko Vainonen Gianluca Curcuruto 40 1 2 2
Penalty Kill - 3 Players Forward
Forward Time % Phy DF OF
1 Eric Fehr 60 1 2 2
2 Dany Roussin 40 1 2 2
Penalty Kill - 3 Players Defense
Defense Defense Time % Phy DF OF
1 Peter Andersson Derek Forbort 60 1 2 2
2 Mikko Vainonen Gianluca Curcuruto 40 1 2 2
4 vs 4 Forward
Center Wing Time % Phy DF OF
1 Eric Fehr Dany Roussin 60 1 2 2
2 William Karlsson David Wolf 40 1 2 2
4 vs 4 Defense
Defense Defense Time % Phy DF OF
1 Peter Andersson Derek Forbort 60 1 2 2
2 Mikko Vainonen Gianluca Curcuruto 40 1 2 2
Last Minutes Offensive
Center Left Wing Right Wing Defense Defense
William Karlsson Dany Roussin Eric Fehr Peter Andersson Derek Forbort
Last Minutes Defensive
Center Left Wing Right Wing Defense Defense
William Karlsson Dany Roussin Eric Fehr Peter Andersson Derek Forbort
Goaltenders
Starting : Niklas Treutle
Backup : Jussi Rynnas
Extra Forwards
Normal : Vincent Dunn, Colby Cave, Artur Gavrus - PP : Vincent Dunn, Colby Cave - PK : Artur Gavrus
Extra Defensemen
Normal : Jesper Pettersson, Emil Johansson, Mackenze Stewart - PP : Jesper Pettersson - PK : Emil Johansson, Mackenze Stewart
Penalty Shots
Eric Fehr, Dany Roussin, William Karlsson, David Wolf, Trevor Lewis
Scratches
Joey Ryan (Strained Left Knee Injury), Mason McDonald (Healthy)
% Time on Ice - Diablos
Lines # - Real PCT - Wanted PCT - Time Play
Normal Forward
1 - 34% - 40% - 16:32
2 - 26% - 30% - 12:43
3 - 19% - 20% - 9:13
4 - 21% - 10% - 10:00
Normal Defense
1 - 42% - 40% - 20:08
2 - 32% - 30% - 15:36
3 - 21% - 20% - 10:12
4 - 5% - 10% - 2:32
PP Forward
1 - 60% - 60% - 4:44
2 - 40% - 40% - 3:12
PP Defense
1 - 55% - 60% - 4:20
2 - 45% - 40% - 3:36
PK Forward
1 - 83% - 60% - 3:00
2 - 17% - 40% - 0:36
PK Defense
1 - 48% - 60% - 1:44
2 - 52% - 40% - 1:52
PK3 Forward
1 - 0% - 60%
2 - 0% - 40%
PK3 Defense
1 - 0% - 60%
2 - 0% - 40%
44 Forward
1 - 0% - 60%
2 - 0% - 40%
44 Defense
1 - 0% - 60%
2 - 0% - 40%
Last Minute Offensive - 0:00
Last Minute Defensive - 0:00
Total
Forward - 60:00
Defense - 60:00
|
% Time on Ice - Thunder
Lines # - Real PCT - Wanted PCT - Time Play
Normal Forward
1 - 32% - 40% - 15:33
2 - 30% - 30% - 14:18
3 - 27% - 20% - 13:14
4 - 11% - 10% - 5:23
Normal Defense
1 - 38% - 40% - 18:33
2 - 32% - 30% - 15:45
3 - 21% - 20% - 10:16
4 - 8% - 10% - 3:54
PP Forward
1 - 52% - 60% - 1:52
2 - 48% - 40% - 1:44
PP Defense
1 - 50% - 60% - 1:47
2 - 50% - 40% - 1:49
PK Forward
1 - 70% - 60% - 5:32
2 - 30% - 40% - 2:24
PK Defense
1 - 56% - 60% - 4:27
2 - 44% - 40% - 3:29
PK3 Forward
1 - 0% - 60%
2 - 0% - 40%
PK3 Defense
1 - 0% - 60%
2 - 0% - 40%
44 Forward
1 - 0% - 60%
2 - 0% - 40%
44 Defense
1 - 0% - 60%
2 - 0% - 40%
Last Minute Offensive - 0:00
Last Minute Defensive - 0:00
Total
Forward - 60:00
Defense - 60:00
|
Play-by-Play
1st period
0:01 of 1st period - William Karlsson wins face-off versus Jordan Szwarz in neutral zone.
1:00 of 1st period - Minor Penalty to Trevor Lewis for Cross-checking.
1:01 of 1st period - Danton Heinen wins face-off versus Eric Fehr in Thunder zone.
1:23 of 1st period - Tyler Pitlick is hit by William Karlsson and loses puck.
2:35 of 1st period - David Wolf is hit by Lars Eller.
3:00 of 1st period - Penalty to Trevor Lewis is over, Trevor Lewis is back on ice.
3:09 of 1st period - Snap shot by Zach Stepan.
3:09 of 1st period - Stopped by Kristers Gudlevskis with a rebound.
3:11 of 1st period - Slapshot by Emil Johansson.
3:11 of 1st period - Shot Blocked by Corey Trivino.
3:13 of 1st period - Slapshot by Jamie McGinn.
3:13 of 1st period - Stopped by Kristers Gudlevskis with a rebound.
3:15 of 1st period - Wrist shot by Zach Stepan.
3:15 of 1st period - Stopped by Kristers Gudlevskis without a rebound.
3:16 of 1st period - Adrian Kempe wins face-off versus Trevor Lewis in Diablos zone.
3:25 of 1st period - Snap shot by Trevor Lewis.
3:25 of 1st period - Shot Blocked by Cameron Gaunce.
3:39 of 1st period - Slapshot by William Karlsson.
3:39 of 1st period - Shot Hit the Post.
4:01 of 1st period - Snap shot by Nick Spaling.
4:01 of 1st period - Stopped by Niklas Treutle without a rebound.
4:02 of 1st period - William Karlsson wins face-off versus Lars Eller in Thunder zone.
4:17 of 1st period - Dany Roussin is hit by Nick Spaling and loses puck.
4:22 of 1st period - Snap shot by Lars Eller.
4:22 of 1st period - Stopped by Niklas Treutle without a rebound.
4:23 of 1st period - Danton Heinen wins face-off versus Trevor Lewis in Thunder zone.
4:24 of 1st period - Snap shot by David Pastrnak.
4:24 of 1st period - Goal by David Pastrnak - Diablos : 1 - Thunder : 0.
4:25 of 1st period - Danton Heinen wins face-off versus William Karlsson in neutral zone.
4:30 of 1st period - Slapshot by David Pastrnak.
4:30 of 1st period - Stopped by Niklas Treutle with a rebound.
4:32 of 1st period - Slapshot by Viktor Loov.
4:32 of 1st period - Stopped by Niklas Treutle with a rebound.
4:34 of 1st period - Snap shot by Danton Heinen.
4:34 of 1st period - Stopped by Niklas Treutle with a rebound.
4:36 of 1st period - Wrist shot by David Pastrnak.
4:36 of 1st period - Shot Blocked by Derek Forbort.
4:38 of 1st period - Snap shot by David Pastrnak.
4:38 of 1st period - Shot Blocked by Peter Andersson.
4:40 of 1st period - Snap shot by David Pastrnak.
4:40 of 1st period - Shot Misses the Net.
4:50 of 1st period - David Wolf is hit by Tyler Pitlick.
5:59 of 1st period - David Wolf is hit by Corey Trivino and loses puck.
7:54 of 1st period - Slapshot by Jiri Sekac.
7:54 of 1st period - Shot Misses the Net.
7:56 of 1st period - Snap shot by Tyler Pitlick.
7:56 of 1st period - Deflect By Adrian Kempe.
7:56 of 1st period - Stopped by Niklas Treutle without a rebound.
7:57 of 1st period - Lars Eller wins face-off versus Dany Roussin in Thunder zone.
7:58 of 1st period - Slapshot by Nick Spaling.
7:58 of 1st period - Stopped by Niklas Treutle with a rebound.
8:00 of 1st period - Backhand shot by Cameron Gaunce.
8:00 of 1st period - Stopped by Niklas Treutle with a rebound.
8:02 of 1st period - Slapshot by Philip Larsen.
8:02 of 1st period - Stopped by Niklas Treutle without a rebound.
8:03 of 1st period - Lars Eller wins face-off versus Trevor Lewis in Thunder zone.
8:48 of 1st period - Adrian Kempe is hit by Jesper Pettersson and loses puck.
9:20 of 1st period - Minor Penalty to Austin Wuthrich for Hooking.
9:21 of 1st period - Eric Fehr wins face-off versus Danton Heinen in Thunder zone.
9:48 of 1st period - Derek Forbort is hit by Jakub Vrana and loses puck.
11:20 of 1st period - Penalty to Austin Wuthrich is over, Austin Wuthrich is back on ice.
12:07 of 1st period - Snap shot by Eric Fehr.
12:07 of 1st period - Shot Misses the Net.
12:09 of 1st period - Slapshot by Gianluca Curcuruto.
12:09 of 1st period - Shot Misses the Net.
12:11 of 1st period - Snap shot by Eric Fehr.
12:11 of 1st period - Shot Misses the Net.
12:23 of 1st period - Dany Roussin is hit by Cameron Gaunce and loses puck.
12:54 of 1st period - Gianluca Curcuruto is hit by Jordan Szwarz.
13:58 of 1st period - Jordan Szwarz is hit by Zach Stepan and loses puck.
14:03 of 1st period - Snap shot by Jamie McGinn.
14:03 of 1st period - Shot Misses the Net.
14:17 of 1st period - Andrei Mironov is hit by Eric Fehr and loses puck.
14:32 of 1st period - William Karlsson is hit by David Pastrnak and loses puck.
15:02 of 1st period - Corey Trivino is hit by Zach Stepan and loses puck.
15:17 of 1st period - Jordan Szwarz is hit by Austin Wuthrich and loses puck.
15:43 of 1st period - Peter Andersson is hit by Jiri Sekac and loses puck.
16:02 of 1st period - David Wolf is hit by Nick Spaling and loses puck.
16:14 of 1st period - Icing by Nick Spaling.
16:15 of 1st period - Corey Trivino wins face-off versus William Karlsson in Diablos zone.
17:04 of 1st period - Slapshot by Philip Larsen.
17:04 of 1st period - Shot Misses the Net.
17:24 of 1st period - Wrist shot by Lars Eller.
17:24 of 1st period - Shot Misses the Net.
18:35 of 1st period - Minor Penalty to Jack Glover for Roughing.
18:36 of 1st period - Adrian Kempe wins face-off versus William Karlsson in Diablos zone.
18:44 of 1st period - Wrist shot by Tyler Pitlick.
18:44 of 1st period - Stopped by Niklas Treutle with a rebound.
Goals for this period are 1 for Diablos vs 0 for Thunder.
Shots for this period are 11 for Diablos vs 3 for Thunder.
2nd period
0:01 of 2nd period - William Karlsson wins face-off versus Adrian Kempe in neutral zone.
0:06 of 2nd period - Backhand shot by Eric Fehr.
0:06 of 2nd period - Shot Blocked by Tyler Pitlick.
0:08 of 2nd period - Wrist shot by Eric Fehr.
0:08 of 2nd period - Shot Misses the Net.
0:10 of 2nd period - Snap shot by Dany Roussin.
0:10 of 2nd period - Stopped by Kristers Gudlevskis with a rebound.
0:12 of 2nd period - Wrist shot by Dany Roussin.
0:12 of 2nd period - Thunder goal is going for a video replay.
0:12 of 2nd period - The goal is good.
0:12 of 2nd period - Goal by Dany Roussin - Diablos : 1 - Thunder : 1.
0:13 of 2nd period - William Karlsson wins face-off versus Lars Eller in neutral zone.
0:18 of 2nd period - Wrist shot by William Karlsson.
0:18 of 2nd period - Stopped by Kristers Gudlevskis with a rebound.
1:01 of 2nd period - Snap shot by Adrian Kempe.
1:01 of 2nd period - Goal by Adrian Kempe - Diablos : 2 - Thunder : 1.
1:02 of 2nd period - William Karlsson wins face-off versus Lars Eller in neutral zone.
1:25 of 2nd period - Icing by Mikko Vainonen.
1:26 of 2nd period - Danton Heinen wins face-off versus William Karlsson in Thunder zone.
1:59 of 2nd period - Brian Dumoulin is hit by Trevor Lewis and loses puck.
2:18 of 2nd period - Wrist shot by Mikko Vainonen.
2:18 of 2nd period - Deflect By Jamie McGinn.
2:18 of 2nd period - Shot Blocked by Adrian Kempe.
2:18 of 2nd period - Puck is out of play.
2:19 of 2nd period - Danton Heinen wins face-off versus Zach Stepan in Diablos zone.
2:28 of 2nd period - Slapshot by Peter Andersson.
2:28 of 2nd period - Shot Blocked by Jakub Vrana.
2:30 of 2nd period - Wrist shot by Zach Stepan.
2:30 of 2nd period - Shot Blocked by Danton Heinen.
2:34 of 2nd period - Slapshot by Jamie McGinn.
2:34 of 2nd period - Shot Blocked by Philip Larsen.
2:36 of 2nd period - Wrist shot by Austin Poganski.
2:36 of 2nd period - Stopped by Kristers Gudlevskis with a rebound.
3:00 of 2nd period - Backhand shot by Adrian Kempe.
3:00 of 2nd period - Shot Misses the Net.
3:02 of 2nd period - Slapshot by Jiri Sekac.
3:02 of 2nd period - Stopped by Niklas Treutle with a rebound.
3:16 of 2nd period - Zach Stepan is hit by Nick Spaling and loses puck.
3:23 of 2nd period - Derek Forbort is hit by Jordan Szwarz.
3:47 of 2nd period - Slapshot by Peter Andersson.
3:47 of 2nd period - Shot Misses the Net.
3:49 of 2nd period - Slapshot by Derek Forbort.
3:49 of 2nd period - Shot Misses the Net.
3:51 of 2nd period - Slapshot by Peter Andersson.
3:51 of 2nd period - Shot Blocked by Jack Glover.
3:53 of 2nd period - Slapshot by Zach Stepan.
3:53 of 2nd period - Stopped by Kristers Gudlevskis with a rebound.
3:55 of 2nd period - Wrist shot by Austin Poganski.
3:55 of 2nd period - Stopped by Kristers Gudlevskis with a rebound.
3:57 of 2nd period - Slapshot by Derek Forbort.
3:57 of 2nd period - Stopped by Kristers Gudlevskis with a rebound.
3:59 of 2nd period - Slapshot by Derek Forbort.
3:59 of 2nd period - Shot Blocked by Andrei Mironov.
4:01 of 2nd period - Wrist shot by Derek Forbort.
4:01 of 2nd period - Shot Misses the Net.
4:03 of 2nd period - Slapshot by Zach Stepan.
4:03 of 2nd period - Stopped by Kristers Gudlevskis with a rebound.
4:05 of 2nd period - Slapshot by Peter Andersson.
4:05 of 2nd period - Deflect By Andrei Mironov.
4:05 of 2nd period - Stopped by Kristers Gudlevskis without a rebound.
4:06 of 2nd period - William Karlsson wins face-off versus Lars Eller in Diablos zone.
4:13 of 2nd period - Slapshot by Cameron Gaunce.
4:13 of 2nd period - Stopped by Niklas Treutle with a rebound.
4:15 of 2nd period - Wrist shot by Philip Larsen.
4:15 of 2nd period - Shot Blocked by Mikko Vainonen.
4:17 of 2nd period - Slapshot by Jordan Szwarz.
4:17 of 2nd period - Stopped by Niklas Treutle with a rebound.
4:19 of 2nd period - Wrist shot by Nick Spaling.
4:19 of 2nd period - Shot Misses the Net.
4:21 of 2nd period - Slapshot by Philip Larsen.
4:21 of 2nd period - Stopped by Niklas Treutle with a rebound.
4:39 of 2nd period - Snap shot by Danton Heinen.
4:39 of 2nd period - Shot Misses the Net.
4:41 of 2nd period - Slapshot by Brian Dumoulin.
4:41 of 2nd period - Shot Blocked by Mikko Vainonen.
5:10 of 2nd period - Wrist shot by Jordan Szwarz.
5:10 of 2nd period - Deflect By Lars Eller.
5:10 of 2nd period - Shot Misses the Net.
5:10 of 2nd period - Puck is out of play.
5:11 of 2nd period - Jordan Szwarz wins face-off versus William Karlsson in Thunder zone.
5:16 of 2nd period - Wrist shot by Lars Eller.
5:16 of 2nd period - Deflect By Nick Spaling.
5:16 of 2nd period - Stopped by Niklas Treutle with a rebound.
5:18 of 2nd period - Slapshot by Cameron Gaunce.
5:18 of 2nd period - Shot Blocked by Emil Johansson.
5:20 of 2nd period - Slapshot by Philip Larsen.
5:20 of 2nd period - Deflect By Nick Spaling.
5:20 of 2nd period - Stopped by Niklas Treutle with a rebound.
5:22 of 2nd period - Wrist shot by Nick Spaling.
5:22 of 2nd period - Stopped by Niklas Treutle without a rebound.
5:23 of 2nd period - David Wolf wins face-off versus Jordan Szwarz in Thunder zone.
5:32 of 2nd period - Wrist shot by Trevor Lewis.
5:32 of 2nd period - Stopped by Kristers Gudlevskis with a rebound.
5:34 of 2nd period - Wrist shot by Trevor Lewis.
5:34 of 2nd period - Shot Blocked by Cameron Gaunce.
5:36 of 2nd period - Slapshot by Emil Johansson.
5:36 of 2nd period - Deflect By Trevor Lewis.
5:36 of 2nd period - Shot Blocked by Cameron Gaunce.
5:36 of 2nd period - Puck is out of play.
5:37 of 2nd period - Jordan Szwarz wins face-off versus William Karlsson in Diablos zone.
6:12 of 2nd period - Wrist shot by Trevor Lewis.
6:12 of 2nd period - Deflect By Austin Wuthrich.
6:12 of 2nd period - Shot Misses the Net.
6:12 of 2nd period - Puck is out of play.
6:13 of 2nd period - Trevor Lewis wins face-off versus Lars Eller in Diablos zone.
6:22 of 2nd period - Wrist shot by Nick Spaling.
6:22 of 2nd period - Stopped by Niklas Treutle with a rebound.
6:34 of 2nd period - Minor Penalty to Trevor Lewis for Tripping.
6:35 of 2nd period - Eric Fehr wins face-off versus Danton Heinen in Thunder zone.
6:48 of 2nd period - Dany Roussin is hit by David Pastrnak and loses puck.
8:18 of 2nd period - Icing by Nick Spaling.
8:19 of 2nd period - Artur Gavrus wins face-off versus Danton Heinen in Diablos zone.
8:34 of 2nd period - Penalty to Trevor Lewis is over, Trevor Lewis is back on ice.
8:35 of 2nd period - Off-side.
8:36 of 2nd period - Lars Eller wins face-off versus Austin Wuthrich in neutral zone.
9:11 of 2nd period - Peter Andersson is hit by Corey Trivino and loses puck.
10:39 of 2nd period - Wrist shot by Corey Trivino.
10:39 of 2nd period - Stopped by Niklas Treutle with a rebound.
10:48 of 2nd period - Off-side.
10:49 of 2nd period - Adrian Kempe wins face-off versus William Karlsson in neutral zone.
11:35 of 2nd period - Off-side.
11:36 of 2nd period - Trevor Lewis wins face-off versus Danton Heinen in neutral zone.
11:39 of 2nd period - Snap shot by David Wolf.
11:39 of 2nd period - Shot Misses the Net.
11:41 of 2nd period - Wrist shot by David Wolf.
11:41 of 2nd period - Stopped by Kristers Gudlevskis with a rebound.
11:43 of 2nd period - Wrist shot by David Wolf.
11:43 of 2nd period - Deflect By Austin Wuthrich.
11:43 of 2nd period - Shot Misses the Net.
11:43 of 2nd period - Puck is out of play.
11:44 of 2nd period - Lars Eller wins face-off versus William Karlsson in Diablos zone.
11:44 of 2nd period - Lars Eller is hit by Eric Fehr.
12:19 of 2nd period - Wrist shot by David Pastrnak.
12:19 of 2nd period - Shot Misses the Net.
12:29 of 2nd period - Wrist shot by Jamie McGinn.
12:29 of 2nd period - Stopped by Kristers Gudlevskis with a rebound.
12:49 of 2nd period - Snap shot by Jamie McGinn.
12:49 of 2nd period - Stopped by Kristers Gudlevskis without a rebound.
12:50 of 2nd period - Jordan Weal wins face-off versus Corey Trivino in Diablos zone.
13:15 of 2nd period - Jack Glover is hit by Austin Poganski and loses puck.
13:59 of 2nd period - Slapshot by Derek Forbort.
13:59 of 2nd period - Shot Blocked by Danton Heinen.
14:01 of 2nd period - Slapshot by Nikolay Prokhorkin.
14:01 of 2nd period - Shot Misses the Net.
14:03 of 2nd period - Slapshot by Jordan Weal.
14:03 of 2nd period - Shot Hit the Post.
14:05 of 2nd period - Slapshot by Peter Andersson.
14:05 of 2nd period - Deflect By Nikolay Prokhorkin.
14:05 of 2nd period - Stopped by Kristers Gudlevskis with a rebound.
14:07 of 2nd period - Wrist shot by Eric Fehr.
14:07 of 2nd period - Shot Misses the Net.
14:19 of 2nd period - Icing by Zach Stepan.
14:20 of 2nd period - Jamie McGinn wins face-off versus Adrian Kempe in Thunder zone.
14:24 of 2nd period - Off-side.
14:25 of 2nd period - William Karlsson wins face-off versus Lars Eller in neutral zone.
14:39 of 2nd period - Snap shot by Lars Eller.
14:39 of 2nd period - Stopped by Niklas Treutle with a rebound.
14:53 of 2nd period - Snap shot by David Pastrnak.
14:53 of 2nd period - Stopped by Niklas Treutle with a rebound.
14:55 of 2nd period - Wrist shot by Brian Dumoulin.
14:55 of 2nd period - Shot Misses the Net.
14:57 of 2nd period - Wrist shot by Jakub Vrana.
14:57 of 2nd period - Goal by Jakub Vrana - Diablos : 3 - Thunder : 1.
14:58 of 2nd period - William Karlsson wins face-off versus Lars Eller in neutral zone.
15:05 of 2nd period - Wrist shot by Eric Fehr.
15:05 of 2nd period - Stopped by Kristers Gudlevskis with a rebound.
15:23 of 2nd period - Mikko Vainonen is hit by Cameron Gaunce and loses puck.
15:24 of 2nd period - Mikko Vainonen from Thunder is injured at 15:24 of 2nd period (Bruised Left Leg).
15:25 of 2nd period - William Karlsson wins face-off versus Lars Eller in Thunder zone.
15:32 of 2nd period - Wrist shot by Jordan Szwarz.
15:32 of 2nd period - Deflect By Nick Spaling.
15:32 of 2nd period - Stopped by Niklas Treutle without a rebound.
15:33 of 2nd period - William Karlsson wins face-off versus Lars Eller in Thunder zone.
15:39 of 2nd period - Off-side.
15:40 of 2nd period - Lars Eller wins face-off versus William Karlsson in neutral zone.
16:06 of 2nd period - Peter Andersson is hit by Philip Larsen and loses puck.
16:40 of 2nd period - Tyler Pitlick is hit by Zach Stepan and loses puck.
17:16 of 2nd period - Icing by Trevor Lewis.
17:17 of 2nd period - Lars Eller wins face-off versus Trevor Lewis in Thunder zone.
19:01 of 2nd period - Eric Fehr is hit by Viktor Loov and loses puck.
19:14 of 2nd period - Snap shot by Danton Heinen.
19:14 of 2nd period - Shot Misses the Net.
19:24 of 2nd period - David Wolf is hit by Nick Spaling and loses puck.
19:42 of 2nd period - Icing by Trevor Lewis.
19:43 of 2nd period - Zach Stepan wins face-off versus Adrian Kempe in Thunder zone.
19:52 of 2nd period - Snap shot by Zach Stepan.
19:52 of 2nd period - Shot Misses the Net.
19:54 of 2nd period - Slapshot by Peter Andersson.
19:54 of 2nd period - Stopped by Kristers Gudlevskis with a rebound.
19:56 of 2nd period - Wrist shot by Austin Poganski.
19:56 of 2nd period - Stopped by Kristers Gudlevskis without a rebound.
19:57 of 2nd period - Trevor Lewis wins face-off versus Lars Eller in Diablos zone.
Goals for this period are 2 for Diablos vs 1 for Thunder.
Shots for this period are 14 for Diablos vs 17 for Thunder.
3rd period
0:01 of 3rd period - Lars Eller wins face-off versus William Karlsson in neutral zone.
0:13 of 3rd period - Snap shot by Jordan Szwarz.
0:13 of 3rd period - Stopped by Niklas Treutle without a rebound.
0:14 of 3rd period - Danton Heinen wins face-off versus William Karlsson in Thunder zone.
0:15 of 3rd period - Snap shot by David Pastrnak.
0:15 of 3rd period - Stopped by Niklas Treutle with a rebound.
0:23 of 3rd period - David Pastrnak is hit by Peter Andersson and loses puck.
0:24 of 3rd period - David Pastrnak from Diablos is injured at 0:24 of 3rd period (Broken Right Thumb).
0:25 of 3rd period - Lars Eller wins face-off versus William Karlsson in Diablos zone.
0:38 of 3rd period - Snap shot by Lars Eller.
0:38 of 3rd period - Stopped by Niklas Treutle with a rebound.
0:40 of 3rd period - Wrist shot by Jordan Szwarz.
0:40 of 3rd period - Goal by Jordan Szwarz - Diablos : 4 - Thunder : 1.
0:41 of 3rd period - Nick Spaling wins face-off versus William Karlsson in neutral zone.
0:44 of 3rd period - Slapshot by Lars Eller.
0:44 of 3rd period - Goal by Lars Eller - Diablos : 5 - Thunder : 1.
0:45 of 3rd period - Lars Eller wins face-off versus William Karlsson in neutral zone.
0:45 of 3rd period - Lars Eller is hit by Eric Fehr.
0:50 of 3rd period - Off-side.
0:51 of 3rd period - Lars Eller wins face-off versus William Karlsson in neutral zone.
1:00 of 3rd period - Slapshot by Derek Forbort.
1:00 of 3rd period - Shot Blocked by Philip Larsen.
1:02 of 3rd period - Snap shot by Dany Roussin.
1:02 of 3rd period - Stopped by Kristers Gudlevskis without a rebound.
1:03 of 3rd period - Lars Eller wins face-off versus William Karlsson in Diablos zone.
1:20 of 3rd period - Minor Penalty to William Karlsson for Cross-checking.
1:21 of 3rd period - Eric Fehr wins face-off versus Danton Heinen in Thunder zone.
2:41 of 3rd period - Philip Larsen is hit by Jordan Weal.
3:20 of 3rd period - Penalty to William Karlsson is over, William Karlsson is back on ice.
3:29 of 3rd period - Snap shot by Corey Trivino.
3:29 of 3rd period - Stopped by Niklas Treutle without a rebound.
3:30 of 3rd period - Scott Glennie wins face-off versus Zach Stepan in Thunder zone.
4:03 of 3rd period - Wrist shot by Tyler Pitlick.
4:03 of 3rd period - Stopped by Niklas Treutle with a rebound.
5:26 of 3rd period - Nick Spaling is hit by Derek Forbort and loses puck.
5:45 of 3rd period - Slapshot by Gianluca Curcuruto.
5:45 of 3rd period - Shot Misses the Net.
5:51 of 3rd period - David Wolf is hit by Jack Glover and loses puck.
6:44 of 3rd period - Brian Dumoulin is hit by Derek Forbort and loses puck.
6:59 of 3rd period - Austin Wuthrich is hit by Scott Glennie and loses puck.
7:49 of 3rd period - Sergey Tolchinsky is hit by Zach Stepan and loses puck.
8:29 of 3rd period - Jiri Sekac is hit by Peter Andersson and loses puck.
8:40 of 3rd period - Jiri Sekac is hit by Dany Roussin and loses puck.
9:03 of 3rd period - Jack Glover is hit by Peter Andersson and loses puck.
9:11 of 3rd period - Icing by Jack Glover.
9:12 of 3rd period - Zach Stepan wins face-off versus Corey Trivino in Diablos zone.
9:13 of 3rd period - Backhand shot by Jamie McGinn.
9:13 of 3rd period - Deflect By Zach Stepan.
9:13 of 3rd period - Stopped by Kristers Gudlevskis without a rebound.
9:14 of 3rd period - Jordan Szwarz wins face-off versus Zach Stepan in Diablos zone.
9:23 of 3rd period - Derek Forbort is hit by Philip Larsen and loses puck.
9:29 of 3rd period - Cameron Gaunce beats up Austin Poganski.
9:29 of 3rd period - Penalty to Austin Poganski for Fighting.
9:29 of 3rd period - Penalty to Cameron Gaunce for Fighting.
9:30 of 3rd period - Lars Eller wins face-off versus William Karlsson in Thunder zone.
9:37 of 3rd period - Wrist shot by Lars Eller.
9:37 of 3rd period - Shot Misses the Net.
9:39 of 3rd period - Snap shot by Jordan Szwarz.
9:39 of 3rd period - Goal by Jordan Szwarz - Diablos : 6 - Thunder : 1.
9:40 of 3rd period - William Karlsson wins face-off versus Jordan Szwarz in neutral zone.
9:43 of 3rd period - Slapshot by Dany Roussin.
9:43 of 3rd period - Shot Misses the Net.
9:45 of 3rd period - Snap shot by Eric Fehr.
9:45 of 3rd period - Shot Blocked by Nick Spaling.
9:47 of 3rd period - Backhand shot by Eric Fehr.
9:47 of 3rd period - Shot Misses the Net.
10:02 of 3rd period - Icing by Nick Spaling.
10:03 of 3rd period - Trevor Lewis wins face-off versus Danton Heinen in Diablos zone.
10:06 of 3rd period - Wrist shot by Trevor Lewis.
10:06 of 3rd period - Shot Blocked by Philip Larsen.
10:08 of 3rd period - Wrist shot by Austin Wuthrich.
10:08 of 3rd period - Stopped by Kristers Gudlevskis without a rebound.
10:09 of 3rd period - Trevor Lewis wins face-off versus Danton Heinen in Diablos zone.
10:12 of 3rd period - Snap shot by David Wolf.
10:12 of 3rd period - Shot Misses the Net.
10:27 of 3rd period - Icing by Jakub Vrana.
10:28 of 3rd period - William Karlsson wins face-off versus Danton Heinen in Diablos zone.
10:54 of 3rd period - Wrist shot by Tyler Pitlick.
10:54 of 3rd period - Stopped by Niklas Treutle without a rebound.
10:55 of 3rd period - Lars Eller wins face-off versus Trevor Lewis in Thunder zone.
10:58 of 3rd period - Wrist shot by Jordan Szwarz.
10:58 of 3rd period - Shot Misses the Net.
11:00 of 3rd period - Slapshot by Jordan Szwarz.
11:00 of 3rd period - Shot Blocked by Jesper Pettersson.
11:02 of 3rd period - Slapshot by Viktor Loov.
11:02 of 3rd period - Shot Blocked by Jesper Pettersson.
11:20 of 3rd period - Gianluca Curcuruto is hit by Brian Dumoulin and loses puck.
11:29 of 3rd period - Wrist shot by Corey Trivino.
11:29 of 3rd period - Shot Misses the Net.
11:45 of 3rd period - Snap shot by Jamie McGinn.
11:45 of 3rd period - Stopped by Kristers Gudlevskis without a rebound.
11:46 of 3rd period - Lars Eller wins face-off versus Zach Stepan in Diablos zone.
12:16 of 3rd period - Tyler Pitlick is hit by Eric Fehr and loses puck.
12:39 of 3rd period - Off-side.
12:40 of 3rd period - Corey Trivino wins face-off versus Trevor Lewis in neutral zone.
13:46 of 3rd period - Brian Dumoulin is hit by Austin Wuthrich and loses puck.
13:52 of 3rd period - Icing by Viktor Loov.
13:53 of 3rd period - Dany Roussin wins face-off versus Lars Eller in Diablos zone.
14:00 of 3rd period - Slapshot by William Karlsson.
14:00 of 3rd period - Deflect By Nick Spaling.
14:00 of 3rd period - Shot Misses the Net.
14:00 of 3rd period - Puck is out of play.
14:01 of 3rd period - Lars Eller wins face-off versus William Karlsson in Diablos zone.
14:33 of 3rd period - Snap shot by Trevor Lewis.
14:33 of 3rd period - Stopped by Kristers Gudlevskis without a rebound.
14:34 of 3rd period - Lars Eller wins face-off versus Trevor Lewis in Diablos zone.
14:34 of 3rd period - Lars Eller is hit by David Wolf.
14:49 of 3rd period - Jordan Szwarz beats up Austin Wuthrich.
14:49 of 3rd period - Penalty to Austin Wuthrich for Fighting.
14:49 of 3rd period - Penalty to Jordan Szwarz for Fighting.
14:49 of 3rd period - Penalty to Jordan Szwarz for instigated a fight.
14:49 of 3rd period - Penalty to Jordan Szwarz for instigated a fight.
14:50 of 3rd period - Adrian Kempe wins face-off versus William Karlsson in Diablos zone.
15:01 of 3rd period - Snap shot by William Karlsson.
15:01 of 3rd period - Shot Misses the Net.
15:03 of 3rd period - Slapshot by Derek Forbort.
15:03 of 3rd period - Stopped by Kristers Gudlevskis with a rebound.
15:25 of 3rd period - Snap shot by David Wolf.
15:25 of 3rd period - Shot Blocked by Jack Glover.
16:19 of 3rd period - David Wolf is hit by Adrian Kempe and loses puck.
16:38 of 3rd period - Viktor Loov is hit by Dany Roussin.
16:49 of 3rd period - Penalty to Jordan Szwarz is over, Scott Glennie is send on ice.
16:56 of 3rd period - Slapshot by Danton Heinen.
16:56 of 3rd period - Stopped by Niklas Treutle without a rebound.
16:57 of 3rd period - Danton Heinen wins face-off versus Zach Stepan in Thunder zone.
17:53 of 3rd period - David Wolf is hit by Jack Glover and loses puck.
18:14 of 3rd period - Peter Andersson is hit by Philip Larsen and loses puck.
18:37 of 3rd period - Snap shot by William Karlsson.
18:37 of 3rd period - Stopped by Kristers Gudlevskis with a rebound.
18:39 of 3rd period - Wrist shot by William Karlsson.
18:39 of 3rd period - Shot Misses the Net.
18:41 of 3rd period - Slapshot by Dany Roussin.
18:41 of 3rd period - Shot Blocked by Philip Larsen.
18:51 of 3rd period - Eric Fehr is hit by Cameron Gaunce and loses puck.
19:19 of 3rd period - Icing by Brian Dumoulin.
19:20 of 3rd period - Danton Heinen wins face-off versus Zach Stepan in Diablos zone.
19:20 of 3rd period - Danton Heinen is hit by Austin Poganski.
Goals for this period are 3 for Diablos vs 0 for Thunder.
Shots for this period are 10 for Diablos vs 7 for Thunder.
Back to the Top